 Dungeon Crawl Stone Soup version 0.22-a0-93-g6b88ebb (webtiles) character file.

95 KristoblXynda the Shield-Bearer (level 4, -1/38 HPs)
             Began as a Draconian Fighter on Jan 24, 2018.
             Slain by a worm (5 damage)
             ... on level 2 of the Dungeon.
             The game lasted 00:02:28 (1722 turns).

KristoblXynda the Shield-Bearer (Draconian Fighter) Turns: 1722, Time: 00:02:29

Health: -1/38      AC:  5    Str: 18    XL:     4   Next: 40%
Magic:  4/4        EV: 10    Int: 10    God:
Gold:   98         SH:  9    Dex: 10    Spells: 3/3 levels left

rFire    . . .     SeeInvis .     - Unarmed
rCold    . . .     Gourm    .   a - +0 shield
rNeg     . . .     Faith    .   (armour unavailable)
rPois    .         Spirit   .   (helmet restricted)
rElec    .         Reflect  .   (no cloak)
rCorr    .         Harm     .   (no gloves)
MR       .....                  (no boots)
Stlth    +.........             (no amulet)
HPRegen  0.12/turn              (no ring)
MPRegen  0.09/turn              (no ring)

@: no status effects
A: unfitting armour, cold-blooded, AC +5
a: no special abilities


You were on level 2 of the Dungeon.
You were not hungry.

You visited 1 branch of the dungeon, and saw 2 of its levels.

You collected 98 gold pieces.

Inventory:

Armour
 a - a +0 shield (worn)
Scrolls
 e - a scroll of identify {unknown}
 i - 2 scrolls of teleportation {unknown}
Potions
 b - a potion of might
 d - a potion of heal wounds {unknown}
 f - a potion of ambrosia {unknown}
 g - a potion of resistance {unknown}
 h - a potion of degeneration {unknown}
Comestibles
 c - a ration


   Skills:
 - Level 3.2 Fighting
 + Level 3.3 Dodging
 + Level 3.6 Shields
 * Level 3.6 Unarmed Combat


You had 3 spell levels left.
You didn't know any spells.

Dungeon Overview and Level Annotations

Branches:
Dungeon (2/15)

Altars:


Innate Abilities, Weirdness & Mutations

Your plain brown scales are hard. (AC +5)
You cannot fit into any form of body armour.
You are cold-blooded and may be slowed by cold attacks.


Message History

* * * LOW HITPOINT WARNING * * *
You hit the kobold.
You kill the kobold!
You hit the kobold.
You kill the kobold!
You feel sick.
You are no longer poisoned.
You hit the worm. You tail-slap the worm.
The worm is moderately wounded.
You block the worm's attack.
You hit the worm but do no damage.
The worm is lightly wounded.
You hit the worm.
The worm is moderately wounded.
The worm bites you.
* * * LOW HITPOINT WARNING * * *
You hit the worm.
The worm is heavily wounded.
The worm bites you.
You die...

#.>......#...###
#........#.###
#........#.#
#######....# #÷#### .#
##.# #####.##### ##.<#
##.....#....
#..####.....)..... #@##
#............
#######w####............
#......÷...#.........$..
#..........K............
#..........#............
############............
##...........
##.....#.... ###########


You could see a worm.

Vanquished Creatures
  4 adders (D:2)
  An ooze (D:2)
  2 worms (D:2)
  2 leopard geckos
  A giant cockroach (D:2)
  4 hobgoblins (D:1)
  7 jackals (D:1)
  5 bats
  A frilled lizard (D:1)
  8 goblins
  6 kobolds
  8 rats
49 creatures vanquished.

Notes
Turn   | Place    | Note
-------+----------+-------------------------------------------
     0 | D:1      | KristoblXynda the Draconian Fighter began the quest for the Orb.
     0 | D:1      | Reached XP level 1. HP: 19/19 MP: 1/1
   324 | D:1      | Reached XP level 2. HP: 21/26 MP: 2/2
   870 | D:1      | Reached XP level 3. HP: 31/31 MP: 3/3
  1452 | D:2      | Reached XP level 4. HP: 20/38 MP: 4/4
  1722 | D:2      | Slain by a worm

Vault maps used:
D:1:      dpeg_arrival_morbid_curiosity
D:2:      uniq_jessica

Skill      XL: |  1  2  3 |
---------------+----------+-----
Dodging        | 3 |  3.3
Unarmed Combat | 3 |  3.6
Fighting       | |  3.2
Shields        | |  3.6

Action                   |  1- 3 |  4- 6 || total
-------------------------+-------+-------++-------
Melee: Unarmed           |   189 |    52 ||   241
       Tailslap          |    28 |     2 ||    30
  Eat: Chunk             |     2 |     1 ||     3
Armor: Skin              |    68 |     7 ||    75
Dodge: Dodged            |    76 |    23 ||    99
Block: Shield            |   111 |    21 ||   132

Table legend:
 A = Spawn XP
 B = Non-spawn XP
 C = Spawn XP percentage of total XP
 D = Spawn monster count
 E = Non-spawn monster count
 F = Spawn count percentage of total count
 G = Total turns spent on level
                    A         B        C        D         E        F      G
               +---------+---------+-------+---------+---------+-------+---------
         Total |       0 |     137 |   0.0 |       0 |      49 |   0.0 |  1722
               +---------+---------+-------+---------+---------+-------+---------
           D:1 |       0 |      50 |   0.0 |       0 |      31 |   0.0 |  1151
           D:2 |       0 |      87 |   0.0 |       0 |      18 |   0.0 |   571
               +---------+---------+-------+---------+---------+-------+---------
